 Dungeon Crawl Stone Soup version 0.29-a0-577-gafbf2c5d25 (webtiles) character file.

Game seed: 3308897526549150114

37 spaghetti the Nimble (level 3, 28/28 HPs)
             Began as a Gnoll Wanderer on June 13, 2022.
             Was a Follower of Nemelex Xobeh.
             Quit the game on level 1 of the Dungeon.
             The game lasted 00:01:22 (1218 turns).

spaghetti the Nimble (Gnoll Wanderer)               Turns: 1218, Time: 00:01:23

Health: 28/28      AC:  5    Str: 11    XL:     3   Next: 39%
Magic:  4/4        EV: 16    Int: 10    God:    Nemelex Xobeh [*.....]
Gold:   105        SH:  0    Dex: 14    Spells: 3/3 levels left

rFire   . . .      SeeInvis .   a - +0 shortbow {bow}
rCold   . . .      Faith    .   (shield currently unavailable)
rNeg    . . .      Spirit   .   b - +2 leather armour
rPois   .          Reflect  .   (no helmet)
rElec   .          Harm     .   (no cloak)
rCorr   .          Rampage  .   (no gloves)
Will    .....                   (no boots)
Stlth   ++........              (no amulet)
HPRegen 0.09/turn               (no ring)
MPRegen 0.09/turn               (no ring)

@: no status effects
A: fangs 1, strong nose, distributed training
a: Renounce Religion, Draw Escape, Draw Destruction, Draw Summoning


You were on level 1 of the Dungeon.
You worshipped Nemelex Xobeh.
Nemelex Xobeh was aware of your devotion.
You visited 1 branch of the dungeon, and saw 1 of its levels.

You collected 105 gold pieces.


Innate Abilities, Weirdness & Mutations

You have very sharp teeth.
Your uncanny sense of smell can sniff out nearby items.
Your experience applies equally to all skills.


   Skills:
 + Level 2.6 Fighting
 + Level 0.7 Short Blades
 + Level 0.7 Long Blades
 + Level 0.7 Axes
 + Level 0.7 Maces & Flails
 + Level 0.7 Polearms
 + Level 0.7 Staves
 + Level 0.7 Slings
 + Level 2.6 Bows
 + Level 0.7 Crossbows
 + Level 0.7 Throwing
 + Level 2.6 Armour
 + Level 10.4 Dodging
 + Level 2.3 Stealth
 + Level 0.7 Shields
 + Level 0.7 Unarmed Combat
 + Level 0.7 Spellcasting
 + Level 0.5 Conjurations
 + Level 0.5 Hexes
 + Level 0.5 Summonings
 + Level 0.5 Necromancy
 + Level 0.5 Translocations
 + Level 0.5 Transmutations
 + Level 0.5 Fire Magic
 + Level 0.5 Ice Magic
 + Level 0.5 Air Magic
 + Level 0.5 Earth Magic
 + Level 0.5 Poison Magic
 + Level 2.6 Invocations
 + Level 0.7 Evocations


You had 3 spell levels left.
You didn't know any spells.
Your spell library was empty.

Inventory:

Hand Weapons
 a - a +0 shortbow (weapon) {bow}
Missiles
 l - 5 stones {throwing}
Armour
 b - a +2 leather armour (worn)
Scrolls
 f - a scroll of immolation {unknown}
 g - a scroll of enchant armour {unknown}
 h - a scroll of identify {unknown}
 j - a scroll of magic mapping {unknown}
 m - a scroll of fog {unknown}
 n - a scroll of teleportation {unknown}
Potions
 c - a potion of lignification {!q}
 d - a potion of heal wounds {@q2}
 e - a potion of haste {unknown}
 i - a potion of mutation {unknown}
 k - a potion of degeneration {unknown}

Dungeon Overview and Level Annotations

Branches:
Dungeon (1/15)

Altars:
Nemelex Xobeh

.#....######.......####.......###
.#.##.# ######### #########
.#.##.### ############# .#.##...#
####...........#### .#.####.#
####.................# ........#
##.......#########.....
.......####.....####.... ..####..
###.##.###...)###....... ....###
#.##.......##.@...#######.....#
#.##......##....###...#.###.... #
#.##......#....##.....#...##... #
#.##.######...##...##.##...##..
###)##.# #....#...##...##...#..
.##.##.# #....#...#..<..#...#..
.##.##.# #....#...##...##...#..
....##.# ##...##...#####.......
..####.# #....##.........#####


There were no monsters in sight!


Message History

No target in view!
No target in view!
Key pressed, stopping explore.
A ball python comes into view.
A ball python is nearby!
You shoot an arrow. The arrow hits the ball python.
The ball python hisses angrily.
You shoot an arrow.
The arrow barely misses the ball python.
You shoot an arrow.
The arrow closely misses the ball python.
You shoot an arrow.
The arrow hits the ball python but does no damage.
The ball python completely misses you. The ball python closely misses you.
You shoot an arrow. The arrow hits the ball python!
You kill the ball python!
No target in view!
No target in view!
No target in view!
No target in view!
No target in view!
No target in view!
No target in view!
No target in view!
No target in view!
No target in view!
No target in view!
No target in view!
No target in view!
No target in view!
No target in view!
No target in view!
No target in view!
No target in view!
No target in view!
No target in view!
No target in view!
You see here a ball python corpse.
An endoplasm comes into view.
An endoplasm is nearby!
An endoplasm is nearby!
An endoplasm is nearby!
You shoot an arrow. The arrow hits the endoplasm.
The endoplasm quivers.
You shoot an arrow. The arrow hits the endoplasm!
You kill the endoplasm!
No target in view!
No target in view!
No target in view!
No target in view!
No target in view!
No target in view!
No target in view!
No target in view!
No target in view!
No target in view!
No target in view!
No target in view!
No target in view!
No target in view!
No target in view!
No target in view!
No target in view!
No target in view!
No target in view!
No target in view!
No target in view!
No target in view!
You open the door.
There is an open door here.
You now have 90 gold pieces (gained 17).
You now have 105 gold pieces (gained 15).
Key pressed, stopping explore.
There is an open door here.
You see here a +0 hand axe {axe}.
Key pressed, stopping explore.
You see here a +0 hand axe {axe}.
You open the door.
There is an open door here.
You open the door.
Found a faded altar of an unknown god.
There is an open door here.
There is a faded altar of an unknown god here.
You cannot tell which god this altar belongs to.
Convert to them anyway?
Nemelex Xobeh accepts your prayer! Nemelex Xobeh welcomes you!
You can now draw from decks of power.
Nemelex will now gift you decks of power as you gain piety.
Nemelex Xobeh deals you some cards!
You now have 2 escape cards, 7 destruction cards and 3 summoning cards.
There is an open door here.
There is an open door here.
Key pressed, stopping explore.
You see here a ball python corpse.
Key pressed, stopping explore.
You see here a +0 dagger {short}.
Key pressed, stopping explore.
You see here a +0 whip {mace}.
n - a scroll labelled FAIT YSAECUN Are you sure you want to abandon this character and quit the game? (Confirm with "yes".)

Skill      XL: | |
---------------+-+-----
Dodging        | | 10.4
Fighting       | |  2.6
Short Blades   | |  0.7
Long Blades    | |  0.7
Axes           | |  0.7
Maces & Flails | |  0.7
Polearms       | |  0.7
Staves         | |  0.7
Slings         | |  0.7
Bows           | |  2.6
Crossbows      | |  0.7
Throwing       | |  0.7
Armour         | |  2.6
Stealth        | |  2.3
Shields        | |  0.7
Unarmed Combat | |  0.7
Spellcasting   | |  0.7
Conjurations   | |  0.5
Hexes          | |  0.5
Summonings     | |  0.5
Necromancy     | |  0.5
Translocations | |  0.5
Transmutations | |  0.5
Fire Magic     | |  0.5
Ice Magic      | |  0.5
Air Magic      | |  0.5
Earth Magic    | |  0.5
Poison Magic   | |  0.5
Invocations    | |  2.6
Evocations     | |  0.7

Action                   || total
-------------------------++-------
 Fire: Shortbow          ||   106
Armor: Leather armour    ||    13
Dodge: Dodged            ||    63

Levels and vault maps discovered:
D:1:      dpeg_arrival_circle_labyrinth_c, layout_basic,
          dilly_ecumenical_altar_fadedgnrine, item_on_display_a

Notes
Turn   | Place    | Note
-------+----------+-------------------------------------------
     0 | D:1      | Reached skill level 10 in Dodging
     0 | D:1      | spaghetti the Gnoll Wanderer began the quest for the Orb.
     0 | D:1      | spaghetti set off with the following items: a +0 shortbow
                  | {bow}, a +2 leather armour, a potion of lignification {!q},
                  | a potion of heal wounds {@q2}
     0 | D:1      | Reached XP level 1. HP: 17/17 MP: 2/2
     0 | D:1      | magus.rc [v1.9.6]
   187 | D:1      | Reached XP level 2. HP: 9/23 MP: 3/3
   580 | D:1      | Reached XP level 3. HP: 28/28 MP: 4/4
  1066 | D:1      | Found a faded altar of an unknown god.
  1073 | D:1      | Prayed at the altar of an unknown god.
  1073 | D:1      | Became a worshipper of Nemelex Xobeh the Trickster
  1073 | D:1      | Reached * piety under Nemelex Xobeh
  1073 | D:1      | Received a gift from Nemelex Xobeh
  1218 | D:1      | Quit the game

Vanquished Creatures
  5 ball pythons (D:1)
  2 endoplasms (D:1)
  4 giant cockroaches (D:1)
  3 hobgoblins (D:1)
  7 jackals (D:1)
  2 quokkas (D:1)
  A bat (D:1)
  A frilled lizard (D:1)
  A goblin (D:1)
  2 kobolds (D:1)
  3 rats (D:1)
31 creatures vanquished.

Table legend:
 A = Non-vault XP
 B = Vault XP
 C = Vault XP percentage of total XP
 D = Non-vault monster count
 E = Vault monster count
 F = Vault count percentage of total count
                 A         B        C        D         E       F
            +---------+---------+-------+---------+---------+-------
      Total |      53 |       0 |   0.0 |      31 |       0 |   0.0
            +---------+---------+-------+---------+---------+-------
        D:1 |      53 |       0 |   0.0 |      31 |       0 |   0.0
            +---------+---------+-------+---------+---------+-------

Illustrated notes

Table legend:
 A = Kills in this place as a percentage of kills in entire the game.
 B = Kills by you in this place as a percentage of kills by you in the entire game.
 C = Kills by friends in this place as a percentage of kills by friends in the entire game.
 D = Other kills in this place as a percentage of other kills in the entire game.
 E = Experience gained in this place as a percentage of experience gained in the entire game.
 F = Experience gained in this place divided by the number of levels of this place that you have seen.
                   A       B       C       D       E      F
               +-------+-------+-------+-------+-------+----------------------
         Total | 100.0 | 100.0 |   N/A |   N/A | 100.0 |  53.0
       Dungeon | 100.0 | 100.0 |   N/A |   N/A | 100.0 |  53.0
               +-------+-------+-------+-------+-------+----------------------

Table legend: (Time is in decaauts)
 A = Elapsed time spent in this place.
 B = Non-inter-level travel time spent in this place.
 C = Inter-level travel time spent in this place.
 D = Time resting spent in this place.
 E = Time spent auto-exploring this place.
 F = Levels seen in this place.
 G = Mean time per level.
                   A        B        C        D        E       F      G
               +--------+--------+--------+--------+--------+-----+--------+
         Total |   1262 |   1262 |      0 |      0 |   1066 |   1 | 1262.0 |
       Dungeon |   1262 |   1262 |      0 |      0 |   1066 |   1 | 1262.0 |
               +--------+--------+--------+--------+--------+-----+--------+

Top non-repeatable levels by time:
     D:1: 1262 daAuts
